 Dungeon Sprint DCSS version 0.20.1-1-g8b1a95d (webtiles) character file.

32050 Fang the Executioner (level 13, -5/100 HPs)
             Began as a Gargoyle Berserker on Dec 6, 2018.
             Was the Champion of Trog.
             Killed by divine providence
             ... invoked by a meliai
              (13 damage)
             ... in the Dungeon (Sprint IX: "|||||||||||||||||||||||||||||").
             The game lasted 00:09:01 (3818 turns).

Fang the Executioner (Gargoyle Berserker)           Turns: 3818, Time: 00:09:01

Health: -5/100     AC: 28    Str: 34    XL:     13   Next: 62%
Magic:  13/13      EV: 14    Int: 11    God:    Trog [******]
Gold:   1915       SH:  0    Dex:  9    Spells: 12/12 levels left

rFire    + . .     SeeInvis .   A - +3 executioner's axe (freeze)
rCold    . . .     Gourm    .   (shield currently unavailable)
rNeg     + . .     Faith    .   E - +3 plate armour {rF+}
rPois    ∞         Spirit   .   y - +0 helmet
rElec    +         Reflect  .   (no cloak)
rCorr    .         Harm     .   (no gloves)
MR       .....     NoTele   +   r - +0 pair of boots of Viukecori {Str+8 Stlth-}
Stlth    ..........             (no amulet)
Regen    0.3/turn               o - +2 ring of evasion
MPRegen  0.2/turn               p - +3 ring of intelligence

@: corroded, berserk cooldown, slowed, very slow
A: negative energy resistance 1, electricity resistance, unbreathing,
petrification resistance, rot immunity, AC +9
a: Berserk, Trog's Hand, Brothers in Arms, Burn Spellbooks, Renounce Religion


You were in the Dungeon.
You worshipped Trog.
Trog was exalted by your worship.
You were near starving.

You visited 1 branch You collected 1915 gold pieces.

Inventory:

Hand Weapons
 n - a +1 war axe of freezing
 v - a +4 broad axe of chopping
 w - a +2 antimagic executioner's axe
 A - a +3 executioner's axe of freezing (weapon)
 B - a +2 hand axe of flaming
 H - a +3 antimagic battleaxe
 I - a +2 antimagic battleaxe
 K - a +1 broad axe of chopping
 L - a +4 antimagic battleaxe
Armour
 r - the +0 pair of boots of Viukecori (worn) {Str+8 Stlth-}
   (You found it in the Dungeon)

   It affects your strength (+8).
   It makes you less stealthy.
 y - a +0 helmet (worn)
 E - a +3 plate armour of fire resistance (worn)
 G - +0 storm dragon scales
 J - +0 fire dragon scales
Jewellery
 o - a +2 ring of evasion (left hand)
 p - a +3 ring of intelligence (right hand)
 u - a +2 ring of dexterity
 C - an uncursed ring of ice
 D - an uncursed ring of protection from cold
Wands
 m - a wand of lightning (7/15)
Scrolls
 i - 3 scrolls of blinking
 l - 3 scrolls of remove curse
 s - 4 scrolls of identify
 t - 4 scrolls of enchant armour
 F - a scroll of fog
Potions
 a - a potion of might
 b - a potion of brilliance
 d - 5 potions of curing
 e - 5 potions of heal wounds
 f - 3 potions of haste
 g - 4 potions of magic
 h - 2 potions of berserk rage
 j - a potion of resistance
 k - a potion of invisibility
 q - a potion of agility
Comestibles
 c - 12 bread rations
 x - 40 fruits
 z - 12 meat rations


   Skills:
 + Level 19.1 Fighting
 + Level 22.0 Axes
 + Level 15.1 Armour
 + Level 7.5 Dodging
 + Level 3.4 Stealth


You had 12 spell levels left.
You didn't know any spells.

Dungeon Overview and Level Annotations

Branches:
Dungeon (1/1)

Altars:
Cheibriados
Dithmenos
Elyvilon
Fedhas
Gozag
Hepliaklqana
Kikubaaqudgha
Makhleb
Nemelex Xobeh
Okawaru
Qazlal
Ru
Sif Muna
Trog
Uskayaw
Vehumet
Xom
Yredelemnul
Zin
The Shining One
Beogh
Jiyva
Lugonu

Shops:
D *[}!


Innate Abilities, Weirdness & Mutations

You are resistant to torment.
Your stone body is resilient. (AC +9)
You are immune to poison.
You resist negative energy. (rN+)
You are resistant to electric shocks. (rElec)
You can survive without breathing.
You are immune to petrification.
You are immune to rotting.


Message History

The emperor scorpion claws your cyclops!
The emperor scorpion claws your cyclops.
Your cyclops hits the emperor scorpion!!
The meliai calls down the wrath of its god upon you.
Something smites you!
* * * LOW HITPOINT WARNING * * *
The emperor scorpion stings your cyclops.
The emperor scorpion claws your cyclops but does no damage.
The emperor scorpion claws your cyclops.
Your cyclops hits the emperor scorpion!!
The emperor scorpion stings your cyclops!
The emperor scorpion claws your cyclops but does no damage.
The emperor scorpion claws your cyclops.
Your cyclops hits the emperor scorpion but does no damage.
The emperor scorpion stings your cyclops!
The emperor scorpion claws your cyclops.
The emperor scorpion barely misses your cyclops.
The meliai invokes the aid of its god against you.
Something smites you!
You die...

▓▓▓▓▓▓▓▓▓♣♣♣♣♣♣♣♣♣♣▓▓▓▓▓▓▓▓▓
....syysC..@.....†÷......)))
▓▓▓▓▓▓▓▓▓▓▓▓▓▓♣♣♣♣♣♣♣♣♣♣▓▓▓▓▓▓▓▓▓
)................................
▓▓▓▓▓▓▓▓▓▓▓▓▓▓▓▓▓▓▓▓▓▓▓▓▓▓▓▓▓▓▓▓▓
..)))([(...(.....[[[.[[[[.)))))))
▓▓▓▓▓▓▓▓▓▓▓▓▓▓▓▓▓▓▓▓▓▓▓▓▓▓▓▓▓▓▓▓▓
.................................
▓▓▓▓▓▓▓▓▓▓▓▓▓▓▓▓▓▓▓▓▓▓▓▓▓▓▓▓▓▓▓▓▓
∩.∩.))))).........)()).......))))


You could see an emperor scorpion, a hornet, a tarantella, a meliai and a
friendly cyclops (berserk).

Vanquished Creatures
  Frances (D)
  3 thorn hunters (D)
  A nagaraja (D)
  A very ugly thing (D)
  An entropy weaver (D)
  Azrael (D)
  A spark wasp (D)
  A fire dragon (D)
  An ice dragon (D)
  A naga warrior (D)
  4 centaur warriors (D)
  An alligator (D)
  3 orc high priests (D)
  2 orc knights (D)
  A wolf spider (D)
  An orb spider (shapeshifter) (D)
  6 black mambas (D)
  A gargoyle (D)
  5 spiny frogs (D)
  3 komodo dragons (D)
  A demonic crawler (D)
  2 jumping spiders (D)
  A troll (D)
  A slime creature (D)
  A blink frog (D)
  A wraith (D)
  A vampire (D)
  Eustachio (D)
  2 fire elementals (D)
  A yak (D)
  An acid dragon (D)
  A warg (D)
  A naga (D)
  3 water moccasins (D)
  7 hell hounds (D)
  A porcupine (D)
  4 orc warriors (D)
  4 wolves (D)
  3 crocodiles (D)
  3 bullfrogs (D)
  A scorpion (D)
  A howler monkey (D)
  A crimson imp (D)
  11 orc priests (D)
  A worker ant (D)
  3 adders (D)
  A shadow imp (D)
  An adder skeleton (D)
  2 orcs (D)
  A bat skeleton (D)
  A giant cockroach (D)
  A goblin (D)
  3 hobgoblins (D)
  A jackal zombie (D)
  A leopard gecko skeleton (D)
  A rat (D)
110 creatures vanquished.

Vanquished Creatures (collateral kills)
  A naga warrior (D)
  A centaur warrior (D)
  A tengu warrior (D)
  2 orc high priests (D)
  A deep troll (shapeshifter) (D)
  An ugly thing (D)
  A gargoyle (D)
  A wind drake (shapeshifter) (D)
  9 orc warriors (D)
  2 orc priests (D)
  An orc wizard (D)
  2 orcs (D)
23 creatures vanquished.

Grand Total: 133 creatures vanquished

Notes
Turn   | Place    | Note
-------+----------+-------------------------------------------
     0 | D        | Fang the Gargoyle Berserker began the quest for the Orb.
     0 | D        | Reached XP level 1. HP: 14/14 MP: 1/1
     9 | D        | Reached skill level 3 in Axes
    10 | D        | Reached ** piety under Trog
    57 | D        | Reached XP level 2. HP: 14/20 MP: 2/2
    68 | D        | Reached *** piety under Trog
    71 | D        | Reached skill level 4 in Axes
    76 | D        | Reached skill level 5 in Fighting
    76 | D        | Reached XP level 3. HP: 16/26 MP: 3/3
   251 | D        | Found a roughly hewn altar of Beogh.
   251 | D        | Found a snail-covered altar of Cheibriados.
   251 | D        | Found a shadowy altar of Dithmenos.
   251 | D        | Found a white marble altar of Elyvilon.
   251 | D        | Found a blossoming altar of Fedhas.
   251 | D        | Found an opulent altar of Gozag.
   252 | D        | Found a hazy altar of Hepliaklqana.
   253 | D        | Found a viscous altar of Jiyva.
   254 | D        | Found an ancient bone altar of Kikubaaqudgha.
   255 | D        | Found a corrupted altar of Lugonu.
   256 | D        | Found a burning altar of Makhleb.
   257 | D        | Found a sparkling altar of Nemelex Xobeh.
   258 | D        | Found an iron altar of Okawaru.
   259 | D        | Found a stormy altar of Qazlal.
   260 | D        | Found a sacrificial altar of Ru.
   261 | D        | Found a deep blue altar of Sif Muna.
   262 | D        | Found a bloodstained altar of Trog.
   263 | D        | Found a hide-covered altar of Uskayaw.
   264 | D        | Found a radiant altar of Vehumet.
   266 | D        | Found a shimmering altar of Xom.
   267 | D        | Found a basalt altar of Yredelemnul.
   268 | D        | Found a glowing silver altar of Zin.
   269 | D        | Found a glowing golden altar of the Shining One.
   314 | D        | Noticed a scorpion
   314 | D        | Noticed a gargoyle
   321 | D        | Killed a gargoyle
   321 | D        | Reached **** piety under Trog
   321 | D        | Reached skill level 8 in Axes
   321 | D        | Reached skill level 5 in Armour
   321 | D        | Reached skill level 1 in Stealth
   321 | D        | Reached XP level 4. HP: 26/36 MP: 4/4
   321 | D        | Reached XP level 5. HP: 29/40 MP: 5/5
   321 | D        | Reached XP level 6. HP: 32/45 MP: 6/6
   325 | D        | Reached skill level 9 in Axes
   333 | D        | Reached ***** piety under Trog
   333 | D        | Reached XP level 7. HP: 37/51 MP: 7/7
   470 | D        | Noticed a wraith
   470 | D        | Noticed a centaur warrior
   470 | D        | Noticed a centaur warrior
   470 | D        | Noticed an orb spider
   470 | D        | Noticed a troll
   475 | D        | Killed a troll
   475 | D        | Reached skill level 10 in Axes
   479 | D        | Killed an orb spider
   479 | D        | Reached skill level 10 in Fighting
   479 | D        | Reached skill level 11 in Axes
   479 | D        | Reached skill level 5 in Dodging
   479 | D        | Reached XP level 8. HP: 59/59 MP: 8/8
   483 | D        | Killed a centaur warrior
   483 | D        | Reached skill level 12 in Axes
   483 | D        | Reached XP level 9. HP: 65/65 MP: 9/9
   497 | D        | Killed a centaur warrior
   497 | D        | Reached skill level 13 in Axes
   729 | D        | Got the cursed +0 pair of boots of Viukecori {Str+8 Stlth-}
   748 | D        | Noticed a komodo dragon
   748 | D        | Received a gift from Trog
   752 | D        | Noticed a spiny frog
   769 | D        | Noticed a komodo dragon
   770 | D        | Killed a komodo dragon
   770 | D        | Reached skill level 14 in Axes
   774 | D        | Killed a spiny frog
   774 | D        | Reached ****** piety under Trog
   774 | D        | Received a gift from Trog
   774 | D        | Reached XP level 10. HP: 71/73 MP: 10/10
   829 | D        | Noticed a black mamba
   829 | D        | Noticed a spiny frog
   832 | D        | Killed a spiny frog
   838 | D        | Killed a black mamba
   838 | D        | Reached skill level 15 in Axes
   843 | D        | Received a gift from Trog
   916 | D        | Received a gift from Trog
  1009 | D        | Noticed Eustachio
  1015 | D        | Killed Eustachio
  1089 | D        | Noticed an orc high priest
  1096 | D        | Received a gift from Trog
  1100 | D        | Noticed an orc knight
  1105 | D        | Killed an orc high priest
  1105 | D        | Reached skill level 15 in Fighting
  1105 | D        | Reached skill level 16 in Axes
  1105 | D        | Reached XP level 11. HP: 81/81 MP: 11/11
  1116 | D        | Killed an orc knight
  1116 | D        | Reached skill level 10 in Armour
  1127 | D        | Received a gift from Trog
  1129 | D        | Received a gift from Trog
  1409 | D        | Noticed an orc knight
  1429 | D        | Killed an orc knight
  1434 | D        | Received a gift from Trog
  1700 | D        | Found Ciddyryz's Distillery.
  1700 | D        | Noticed an orc high priest
  1700 | D        | Noticed an orc high priest
  1702 | D        | Noticed an orc high priest
  1702 | D        | Received a gift from Trog
  1706 | D        | Noticed an orc high priest
  1706 | D        | Killed an orc high priest
  1706 | D        | Reached skill level 17 in Axes
  1707 | D        | Found Neliott's Gadget Shop.
  1715 | D        | Noticed a sun demon
  1719 | D        | Killed an orc high priest
  1727 | D        | Killed an orc high priest
  1729 | D        | Killed an orc high priest
  1729 | D        | Received a gift from Trog
  1740 | D        | Found Pimm's Antique Armour Boutique.
  2040 | D        | Found Kuadyimy's Assorted Antiques.
  2301 | D        | Noticed a centaur warrior
  2301 | D        | Noticed a wolf spider
  2304 | D        | Noticed a centaur warrior
  2306 | D        | Received a gift from Trog
  2311 | D        | Killed a wolf spider
  2311 | D        | Received a gift from Trog
  2311 | D        | Reached skill level 18 in Axes
  2319 | D        | Killed a centaur warrior
  2321 | D        | Noticed a red ugly thing
  2322 | D        | Noticed a tengu warrior
  2324 | D        | Killed a centaur warrior
  2325 | D        | Noticed a centaur warrior
  2328 | D        | Noticed a deep troll
  2328 | D        | a guardian serpent changed into a deep troll
  2329 | D        | Killed a red ugly thing
  2329 | D        | Reached XP level 12. HP: 43/88 MP: 12/12
  2331 | D        | Killed a tengu warrior
  2331 | D        | Received a gift from Trog
  2334 | D        | Killed a centaur warrior
  2517 | D        | Noticed an ice dragon
  2518 | D        | Noticed a fire dragon
  2528 | D        | Killed an ice dragon
  2528 | D        | Reached skill level 19 in Axes
  2535 | D        | Killed a fire dragon
  2709 | D        | Noticed Frances
  2721 | D        | Killed Frances
  3012 | D        | Noticed Azrael
  3016 | D        | Received a gift from Trog
  3022 | D        | Killed Azrael
  3241 | D        | Noticed a nagaraja
  3241 | D        | Noticed a naga warrior
  3255 | D        | Killed a naga warrior
  3255 | D        | Reached skill level 20 in Axes
  3260 | D        | Killed a nagaraja
  3260 | D        | Received a gift from Trog
  3262 | D        | Noticed a naga warrior
  3286 | D        | Killed a naga warrior
  3286 | D        | Received a gift from Trog
  3286 | D        | Reached XP level 13. HP: 18/97 MP: 13/13
  3592 | D        | Noticed a white very ugly thing
  3592 | D        | Noticed a thorn hunter
  3592 | D        | Noticed a thorn hunter
  3600 | D        | Killed a thorn hunter
  3601 | D        | Noticed a thorn hunter
  3604 | D        | Killed a thorn hunter
  3604 | D        | Reached skill level 21 in Axes
  3610 | D        | Killed a white very ugly thing
  3621 | D        | Killed a thorn hunter
  3626 | D        | Received a gift from Trog
  3791 | D        | Noticed a spark wasp
  3791 | D        | Noticed an entropy weaver
  3792 | D        | Noticed an emperor scorpion
  3800 | D        | Killed an entropy weaver
  3800 | D        | Reached skill level 15 in Armour
  3813 | D        | Killed a spark wasp
  3813 | D        | Reached skill level 22 in Axes
  3818 | D        | Killed from afar by a meliai

Skill      XL: |  1  2  3  4  5  6  7  8  9 10 11 12 13 |
---------------+----------------------------------------+-----
Axes           | 3 4 8 9 11 12 14 16 18 20 22 | 22.0
Fighting       | 4 5 8 9 10 11 13 15 16 17 19 | 19.1
Dodging        | 2 4 5 6 7 |  7.5
Armour         | 3 5 6 7 8 9 11 13 15 | 15.1
Stealth        | 1 2 3 |  3.4

Action                   |  1- 3 |  4- 6 |  7- 9 | 10-12 | 13-15 || total
-------------------------+-------+-------+-------+-------+-------++-------
Melee: Hand axe          |    38 |       |       |       |       ||    38
       War axe           |     6 |    10 |    62 |     4 |       ||    82
       Broad axe         |       |       |       |    72 |       ||    72
       Executioner's axe |       |       |       |   154 |    55 ||   209
Invok: Berserk           |     2 |       |     2 |     8 |     2 ||    14
       Brothers in Arms  |       |       |       |     5 |     1 ||     6
  Use: Scroll            |       |       |     1 |       |       ||     1
       Potion            |       |       |       |     2 |     1 ||     3
  Eat: Chunk             |       |       |     2 |    16 |       ||    18
       Bread ration      |       |       |       |     1 |       ||     1
Armor: Animal skin       |     8 |       |       |       |       ||     8
       Plate armour      |     1 |     2 |    34 |   117 |    39 ||   193
Dodge: Dodged            |    20 |     3 |    23 |   108 |    34 ||   188
